 Dungeon Crawl Stone Soup version 0.31.0-11-ge490571c62 (webtiles) character file.

Game seed: 6895624119372698232

74 qw the Shooter (level 4, 0/22 HPs)
             Began as a Spriggan Hunter on Feb 4, 2024.
             Succumbed to an adder's poison
             ... on level 2 of the Dungeon.
             The game lasted 00:00:01 (623 turns).

qw the Shooter (Spriggan Hunter)                     Turns: 623, Time: 00:00:02

Health: 0/22       AC:  3    Str:  7    XL:     4   Next: 10%
Magic:  5/5        EV: 19    Int: 10    God:
Gold:   36         SH:  0    Dex: 20    Spells: 3/3 levels left

rFire   . . .        a - +0 shortbow
rCold   . . .        (shield currently unavailable)
rNeg    . . .        f - +1 robe {Will+}
rPois   .            (helmet restricted)
rElec   .            (no cloak)
rCorr   .            (gloves unavailable)
SInv    +            (boots unavailable)
Will    +....        (no amulet)
Stlth   ++           (no ring)
HPRegen 0.23/turn    (no ring)
MPRegen 0.09/turn

%: no passive effects
@: lethally poisoned (0 -> -6), very quick
A: very small, no large weapons, unfitting armour, see invisible, speed 3
a: no special abilities


You were on level 2 of the Dungeon.
You visited 1 branch of the dungeon, and saw 2 of its levels.

You collected 36 gold pieces.


Innate Abilities, Weirdness & Mutations

You are very small and have problems with some larger weapons.
You are too small for most types of armour.
You have supernaturally acute eyesight. (SInv)
You cover ground extremely quickly. (Speed+++)


   Skills:
 - Level 1.5 Fighting
 - Level 5.0 Ranged Weapons
 + Level 4.4 Dodging
 - Level 1.5 Stealth


You had 3 spell levels left.
You didn't know any spells.
Your spell library was empty.

Inventory:

Hand Weapons
 a - a +0 shortbow (weapon)
Armour
 f - a +1 robe of willpower (worn)
Scrolls
 c - a scroll of blinking {unknown}
Potions
 d - a potion of degeneration
 e - a potion of haste {unknown}
 g - a potion of brilliance {unknown}

Dungeon Overview and Level Annotations

Branches:
Dungeon (2/15)

Altars:

Annotations:
D:2 Natasha


Message History

612 ||| READING scroll labelled IZOACE GOUPUTZ.
As you read the scroll labelled IZOACE GOUPUTZ, it crumbles to dust.
It is a scroll of identify.
612 ||| IDENTIFYING metallic amethyst potion
d - a potion of degeneration Natasha hisses angrily.
An adder comes into view.
The adder hisses angrily.
An endoplasm comes into view.
You shoot an arrow.
The arrow hits the adder but does no damage.
You shoot an arrow. The arrow closely misses the adder.
The adder completely misses you.
You shoot an arrow. The arrow closely misses the adder.
The adder misses you.
Natasha stares at you and mumbles some strange words.
The magic dart hits you!
You shoot an arrow. The arrow misses the adder.
The adder misses you. x2
You shoot an arrow. The arrow closely misses Natasha.
Natasha misses you. The adder bites you but does no damage.
The endoplasm freezes you.
You are frozen.
The endoplasm freezes you.
You are frozen.
The adder barely misses you. Natasha misses you.
You shoot an arrow. The arrow closely misses Natasha.
The adder bites you but does no damage. Natasha misses you.
The endoplasm freezes you.
You are frozen.
You shoot an arrow. The arrow barely misses Natasha.
The adder misses you.
A rat comes into view.
Natasha misses you. The endoplasm freezes you.
You are frozen.
The adder bites you.
You are lethally poisoned!
The adder poisons you!
You shoot an arrow. The arrow closely misses Natasha.
The rat squeaks loudly.
You die...

#...##.###.##.
####.#.#.......#.
#....#...##.##...
#.##.#.#.#...#.#.
#.##...#...#...#.
#.##.#.#.#...#.#. #
#.#..#...##.##...
#.##.##.#.#.......#.
#.J@..#...##.###.##.
#.S#h##.#r.... .....
#....#.#..# ###..#.#
... .....# #.##
##..... .# #.#### #
#.


You could see Natasha, an adder, an endoplasm and a rat.

Vanquished Creatures
  Terence (D:2)
  Robin (D:2)
  An adder (D:2)
  A bat (D:2)
  2 endoplasms (D:2)
  A giant cockroach (D:1)
  8 goblins
  6 hobgoblins
  2 ball pythons (D:1)
  2 kobolds (D:1)
  2 rats (D:1)
27 creatures vanquished.

Notes
Turn   | Place    | Note
-------+----------+-------------------------------------------
     0 | D:1      | qw the Spriggan Hunter began the quest for the Orb.
     0 | D:1      | Reached XP level 1. HP: 10/10 MP: 2/2
     0 | D:1      | 0 ||| qw: Version: 0.3-a-160-g6735b56
     0 | D:1      | 0 ||| qw: Game counter: 4414
     0 | D:1      | 0 ||| qw: Melee chars always use a shield: true
     0 | D:1      | 0 ||| qw: God list: Okawaru
     0 | D:1      | 0 ||| qw: Allow faded altars: false
     0 | D:1      | 0 ||| qw: Do Orc after clearing Dungeon:15 true
     0 | D:1      | 0 ||| qw: Do second Lair branch before Depths: true
     0 | D:1      | 0 ||| qw: Lair rune preference: random
     0 | D:1      | 0 ||| qw: Goals: Normal
     0 | D:1      | 0 ||| PLANNING D:1-11
    30 | D:1      | Reached skill level 3 in Dodging
   158 | D:1      | Reached XP level 2. HP: 14/14 MP: 3/3
   367 | D:1      | 367 ||| UPGRADING to +1 robe of willpower.
   377 | D:1      | 377 ||| DROPPING +0 robe.
   378 | D:1      | 378 ||| DROPPING scroll of butterflies.
   480 | D:2      | Noticed Robin
   488 | D:2      | Reached XP level 3. HP: 13/18 MP: 4/4
   490 | D:2      | Killed Robin
   550 | D:2      | Noticed Terence
   556 | D:2      | Killed Terence
   557 | D:2      | Reached skill level 5 in Ranged Weapons
   557 | D:2      | Reached XP level 4. HP: 22/22 MP: 5/5
   611 | D:2      | Noticed Natasha
   612 | D:2      | 612 ||| READING scroll labelled IZOACE GOUPUTZ.
   612 | D:2      | 612 ||| IDENTIFYING metallic amethyst potion
   621 | D:2      | HP: 5/22 [frozen (1)]
   622 | D:2      | HP: 2/22 [adder (1)]
   623 | D:2      | Succumbed to an adder's poison

Levels and vault maps discovered:
D:1:      sevenhm_arrival_forest_fort_small_4, layout_rooms, minmay_bisected
D:2:      layout_loops_corners, ebering_ecumenical_altar_box, dk_vineyard_2,
          kennysheep_nondescript, grunt_decor_fettered,
          nicolae_concentric_dashed_squares_wild, uniq_terence, uniq_natasha,
          uniq_robin

Skill      XL: |  1  2  3 |
---------------+----------+-----
Dodging        | 3 4 |  4.4
Ranged Weapons | 5 |  5.0
Fighting       | |  1.5
Stealth        | |  1.5

Action                     |  1- 3 |  4- 6 || total
---------------------------+-------+-------++-------
   Fire: Shortbow          |    57 |    12 ||    69
    Use: Scroll            |       |     1 ||     1
 Armour: Robe              |     3 |     4 ||     7
  Dodge: Dodged            |    14 |    11 ||    25

Table legend:
 A = Non-vault XP
 B = Vault XP
 C = Vault XP percentage of total XP
 D = Non-vault monster count
 E = Vault monster count
 F = Vault count percentage of total count
                 A         B        C        D         E       F
            +---------+---------+-------+---------+---------+-------
      Total |      31 |      76 |  71.0 |      12 |      15 |  55.6
            +---------+---------+-------+---------+---------+-------
        D:1 |      10 |       3 |  23.1 |       7 |       2 |  22.2
        D:2 |      21 |      73 |  77.7 |       5 |      13 |  72.2
            +---------+---------+-------+---------+---------+-------
